Map: World of Sleepers LE

Players

Cammy - Winner!

  • Race: Protoss Protoss
  • League: Platinum
  • Spawn Location: 1:00

NoStormPls

  • Race: Terran Terran
  • League: Gold
  • Spawn Location: 7:00

VOD

Have the link to the VOD?

Description

Time

  • Played on: Sept. 1, 2019, 12:35 p.m.
  • Length: 13:39
Show
View Real Time Build Order
Export as new Build Order

Cammy Protoss - Winner!

Build Orders:  

Get SALT Encoding   

  12  0:01  Probe  
  13  0:13  Probe  
  14  0:22  Pylon  
  14  0:27  Probe  
  15  0:41  Gateway, Probe  
  15  0:49  Probe  
  17  1:07  Gateway  
  17  1:08  Probe  
  18  1:17  Forge  
  18  1:18  Pylon  
  18  1:20  Probe  
  19  1:31  Cybernetics Core  
  19  1:38  Probe  
  20  1:41  Assimilator  
  20  1:44  Assimilator  
  20  1:53  Probe  
  20  1:58  Photon Cannon  
  21  2:01  Probe  
  22  2:09  Zealot  
  22  2:11  Zealot  
  22  2:14  Probe  
  27  2:26  Probe  
  28  2:30  Shield Battery  
  28  2:38  Probe  
  29  2:45  Warp Gate  
  29  2:47  Stalker  
  31  2:52  Pylon  
  31  3:13  Nexus  
  31  3:18  Probe  
  32  3:30  Probe  
  32  3:31  Pylon  
  32  3:38  Probe  
  32  3:46  Probe  
  32  3:47  Pylon  
  34  3:56  Probe  
  34  3:58  Robotics Facility  
  35  4:08  Probe  
  36  4:10  Photon Cannon  
  36  4:19  Probe  
  36  4:20  Assimilator  
  36  4:22  Probe  
  36  4:23  Assimilator  
  37  4:27  Probe  
  37  4:30  Probe  
  39  4:36  Stalker  
  39  4:37  Probe, Sentry  
  44  4:40  Probe  
  46  4:48  Probe  
  46  4:52  Probe  
  48  4:53  Robotics Bay  
  48  4:56  Probe  
  48  4:57  Observer  
  49  5:04  Probe x2  
  51  5:09  Protoss Ground Weapons Level 1  
  52  5:16  Probe  
  52  5:18  Pylon  
  53  5:27  Gateway x2  
  53  5:32  Probe x2  
  55  5:40  Immortal  
  55  5:44  Probe  
  60  5:56  Probe  
  61  5:57  Probe  
  61  6:01  Stalker  
  61  6:02  Stalker  
  66  6:05  Twilight Council  
  66  6:14  Probe x2  
  68  6:18  Colossus  
  68  6:21  Pylon  
  68  6:25  Photon Cannon  
  68  6:28  Pylon  
  68  6:35  Probe x2  
  76  6:41  Templar Archives  
  76  6:50  Probe x2  
  76  6:51  Extended Thermal Lance  
  78  6:58  Forge x2  
  78  7:05  Colossus  
  78  7:11  Probe  
  78  7:12  Probe  
  78  7:14  Psionic Storm  
  78  7:15  Pylon  
  86  7:16  Pylon  
  86  7:30  Protoss Shields Level 1  
  86  7:31  Protoss Ground Weapons Level 2  
  86  7:40  Zealot  
  86  7:41  Zealot, Stalker  
  92  7:44  Sentry  
  92  7:50  Pylon  
  94  7:52  Pylon  
  94  8:02  Colossus  
  94  8:04  Charge  
  94  8:05  Pylon  
  98  8:28  Gateway  
  98  8:30  Gateway, Zealot x2  
  98  8:31  Cybernetics Core  
  98  8:34  Gateway  
  84  8:52  Zealot x2  
  88  8:58  Nexus  
  88  9:01  Assimilator  
  88  9:06  Assimilator  
  88  9:08  Pylon  
  78  9:25  Immortal  
  78  9:28  Assimilator  
  78  9:30  Probe  
  78  9:31  Probe  
  80  9:32  Pylon  
  80  9:36  Pylon  
  84  9:40  Blink  
  84  9:41  High Templar x3  
  84  9:42  High Templar  
  92  9:47  Stalker  
  92  9:51  Probe  
  94  9:53  Probe  
  94  9:57  Protoss Ground Weapons Level 3  
  94  9:59  Probe  
  96  10:02  Protoss Shields Level 2  
  96  10:05  Observer, Probe  
  99  10:18  Zealot x3  
  99  10:19  Zealot x2  
  109  10:22  Probe x2  
  111  10:28  Immortal  
  115  10:51  Probe x2  
  117  10:57  Zealot, Stalker x2  
  117  10:59  Sentry  
  117  11:00  Sentry  
  117  11:01  Nexus  
  127  11:04  Pylon  
  127  11:09  Photon Cannon  
  126  11:37  Probe x2  
  126  11:39  Probe  
  129  11:48  Zealot x2  
  129  11:49  Stalker x2  
  129  11:50  Stalker  
  140  11:54  Probe x3  
  142  12:06  Probe x3  
  145  12:10  Unknown  
  145  12:13  Pylon  
  145  12:14  Gateway  
  145  12:15  Gateway  
  145  12:16  Pylon  
  145  12:17  Photon Cannon  
  145  12:19  Pylon  
  145  12:21  Gravitic Boosters, Sentry x4  
  153  12:22  Robotics Facility  
  153  12:23  Stalker  
  155  12:44  Stalker x2  
  155  12:45  Zealot, Stalker  
  155  12:46  Stalker  
Show
View Real Time Build Order
Export as new Build Order

NoStormPls Terran 

Build Orders:  

Get SALT Encoding   

  12  0:01  SCV  
  13  0:13  SCV  
  14  0:18  Supply Depot  
  14  0:25  SCV  
  15  0:30  Refinery  
  15  0:39  SCV  
  16  1:08  Barracks  
  16  1:10  Barracks  
  16  1:19  SCV  
  17  1:31  SCV  
  18  1:43  SCV  
  19  1:57  Orbital Command  
  19  1:59  Marine x2  
  21  2:17  Marine x2  
  21  2:20  Supply Depot  
  23  2:30  Command Center  
  23  2:34  Marine  
  24  2:37  Marine  
  25  2:52  Marine  
  25  2:53  SCV  
  25  2:55  Marine  
  27  3:05  Bunker, SCV  
  28  3:10  Marine  
  29  3:13  Marine  
  29  3:17  SCV  
  31  3:27  Factory  
  31  3:28  Marine  
  31  3:29  SCV  
  31  3:32  Marine  
  34  3:42  SCV  
  34  3:46  Marine  
  34  3:48  Refinery  
  36  3:50  Orbital Command  
  37  3:57  Barracks Tech Lab  
  37  4:01  Engineering Bay  
  36  4:03  Marine  
  36  4:07  Barracks  
  36  4:09  SCV  
  38  4:17  Marine  
  38  4:20  Stimpack  
  38  4:21  Marine  
  40  4:27  Factory Tech Lab  
  40  4:29  Terran Infantry Weapons Level 1  
  40  4:32  SCV  
  40  4:33  SCV  
  42  4:45  SCV x2  
  44  4:49  Siege Tank  
  47  4:57  Marine x3, SCV  
  47  4:58  Supply Depot  
  51  5:02  SCV  
  52  5:08  Supply Depot  
  52  5:21  Siege Tank, Marine  
  55  5:22  Marine x2  
  58  5:32  Starport  
  58  5:34  SCV x2  
  60  5:38  Refinery  
  60  5:39  Marine x2  
  60  5:40  Marine  
  60  5:41  Refinery  
  63  5:46  SCV x2  
  65  5:53  Siege Tank  
  68  5:57  Marine x2  
  70  6:09  Supply Depot  
  70  6:10  Supply Depot  
  70  6:30  SCV x2, Marine x2  
  74  6:40  Medivac  
  76  6:51  Marine  
  76  6:52  Marine x2  
  79  6:58  Command Center  
  81  7:01  Widow Mine  
  81  7:08  SCV  
  82  7:09  Marine x3  
  82  7:13  Supply Depot  
  85  7:17  Supply Depot  
  85  7:23  Combat Shield  
  85  7:27  Marine  
  86  7:35  Widow Mine, Medivac, Marine x2  
  91  7:45  Marine  
  92  7:52  Marine x2  
  94  8:02  Marine  
  94  8:05  Medivac  
  97  8:07  Widow Mine  
  97  8:10  Marine x2  
  101  8:20  Marine  
  102  8:28  Widow Mine, Marine x2  
  106  8:38  Marine  
  103  8:46  Marine x2  
  86  8:56  Marine  
  86  9:04  Marine x2  
  56  9:33  Bunker  
  56  9:36  Bunker  
  56  9:37  Barracks Tech Lab  
  56  9:38  Barracks Tech Lab  
  56  9:39  Marauder  
  56  9:41  Concussive Shells  
  56  9:45  Raven  
  58  9:48  Orbital Command  
  58  9:50  Command Center  
  60  9:56  Factory Reactor  
  60  9:58  Terran Infantry Armor Level 1  
  60  10:00  Marauder  
  60  10:02  Marauder  
  60  10:03  Marauder  
  66  10:09  Barracks  
  66  10:14  Barracks  
  66  10:17  Starport  
  66  10:19  Barracks  
  66  10:21  Marauder  
  66  10:22  SCV x3  
  66  10:24  Marauder x2  
  66  10:28  Raven  
  75  10:34  SCV x3  
  80  10:43  Marauder  
  80  10:45  Marauder  
  80  10:46  Marauder, SCV x3  
  89  10:52  Widow Mine x2  
  89  10:56  Supply Depot  
  93  10:58  SCV x3  
  93  10:59  Barracks  
  93  11:01  Supply Depot  
  98  11:04  Marauder  
  98  11:06  Marauder  
  98  11:07  Marauder  
  98  11:10  SCV  
  98  11:11  SCV x2  
  105  11:13  Widow Mine x2  
  109  11:24  Supply Depot  
  101  11:26  Marauder  
  101  11:28  Marauder x2  
  101  11:32  Starport Reactor  
  105  11:34  Raven  
  105  11:35  Widow Mine x2  
  105  11:39  Barracks Tech Lab  
  111  11:40  Barracks Tech Lab  
  111  11:46  Barracks Tech Lab  
  113  11:47  Marauder  
  113  11:49  Marauder  
  113  11:50  Marauder  
  113  11:52  Armory  
  124  12:20  Marauder x6  
  124  12:22  Refinery  
  129  12:23  Barracks Tech Lab, Refinery  
  129  12:41  Marauder  
  129  12:42  Marauder x5  
  141  13:00  Viking x3  
  141  13:02  Command Center  
  141  13:03  Marauder x4  
  155  13:08  Marauder  
  156  13:17  Marauder  
Tags
 
Add a new tag
Caveats
  • Supply blocks, unpowered buildings, or Contaminate may cause inaccurate times.
  • Supply counts are checked every 10 seconds.